 Dungeon Crawl Stone Soup version 0.31-a0-102-g33a4ccc0cb (webtiles) character file.

Game seed: 12483660694012554256

615 ytrimaz the Cudgeller (level 7, 0/105 HPs)
             Began as an Ogre Berserker on May 26, 2023.
             Was a Priest of Trog.
             Slain by a gnoll sergeant
             ... wielding a +0 trident
              (8 damage)
             ... on level 5 of the Dungeon.
             The game lasted 00:04:12 (4065 turns).

ytrimaz the Cudgeller (Ogre Berserker)              Turns: 4065, Time: 00:04:12

Health: 0/105      AC:  5    Str: 24    XL:     7   Next: 45%
Magic:  7/7        EV: 10    Int:  8    God:    Trog [***...]
Gold:   220        SH:  0    Dex:  8    Spells: 6/6 levels left

rFire   . . .        k - +8 club
rCold   . . .        (no shield)
rNeg    . . .        b - +1 animal skin
rPois   .            (helmet restricted)
rElec   .            p - +0 cloak
rCorr   .            (gloves unavailable)
SInv    .            (boots unavailable)
Will    ++...        (no amulet) Stlth
                     (no ring)
HPRegen 1.37/turn    (no ring)
MPRegen 0.10/turn

%: no passive effects
@: berserking, strong-willed, regenerating, very quick
A: large, unfitting armour, tough skin 1
a: Renounce Religion, Berserk, Trog's Hand


You were on level 5 of the Dungeon.
You worshipped Trog.
Trog was most pleased with you.
You visited 1 branch of the dungeon, and saw 5 of its levels.

You collected 220 gold pieces.


Innate Abilities, Weirdness & Mutations

You are too large for most types of armour.
You have tough skin. (AC +1)


   Skills:
 - Level 4.0 Fighting
 + Level 6.5 Maces & Flails
 + Level 4.1 Throwing
 - Level 2.6 Dodging


You had 6 spell levels left.
You didn't know any spells.
Your spell library was empty.

Inventory:

Hand Weapons
 a - a +0 mace
 k - a +8 club (weapon)
   (You took it off Jessica on level 2 of the Dungeon)
Missiles
 d - 5 large rocks (quivered)
Armour
 b - a +1 animal skin (worn)
 p - a +0 cloak (worn)
   (You found it on level 3 of the Dungeon)
Wands
 r - a wand of mindburst (20)
   (You found it on level 4 of the Dungeon)
Scrolls
 g - a scroll of fear
 i - 3 scrolls of enchant weapon
 j - a scroll of magic mapping
Potions
 e - 3 potions of enlightenment
 l - 2 potions of ambrosia

Dungeon Overview and Level Annotations

Branches:
Dungeon (5/15) Zot: 25899
 Temple: D:4-7

Altars:
Cheibriados
Hepliaklqana
Qazlal
Ru

Annotations:
D:3 1 runed translucent door, Crazy Yiuf

### .......)..# # ##g#######.
###################.g...><...
..#.......#.......#.......##
#.#.#####.#.#####.#.g...###
#.#.#...#.#.#...#.##o####
..#.#.#...#.#.#...##.#
###.#.#####.#.######.#
....#.......#...@gggg#
######################


You could see a gnoll sergeant and 3 gnolls.


Message History

😕 HP[-3]
You take 3 damage, and now have 67/70 hp.
You sock the orc wizard!
You punch the orc wizard, but do no damage.
The orc wizard hits you with a +0 dagger.
The gnoll shouts!
You sock the orc wizard!
You kill the orc wizard!
Trog accepts your kill.
Trog appreciates your killing of a magic user.
The orc closely misses you.
You hit the orc. The orc hits you but does no damage.
Unknown command. 😕 HP[+1]
The adder bites you but does no damage. 😕 HP[+1]
The adder barely misses you. 😎 HP[+1]
Your hp is fully restored (70).
The adder attacks as you move away! The adder closely misses you.
The adder attacks as you move away! The adder barely misses you.
The adder closely misses you.
You hit the adder but do no damage. The adder closely misses you.
You miss the adder. The adder barely misses you.
You sock the adder!
You kill the adder!
Trog accepts your kill.
You hit the orc but do no damage. The orc barely misses you.
Unknown command.
You hit the orc but do no damage. The orc barely misses you.
You barely miss the orc. The orc hits you but does no damage.
You hit the orc but do no damage. The orc closely misses you.
Unknown command.
You hit the orc but do no damage. You hit the orc.
You kill the orc!
Trog accepts your kill.
You closely miss the orc. The orc hits you but does no damage.
The gnoll sergeant hits you from afar with a +0 trident!
Unknown command. 😕 HP[-11]
You take 11 damage, and now have 59/70 hp.
You hit the orc. The orc hits you with a +0 club.
The gnoll sergeant misses you. 😕 HP[-2]
You take 2 damage, and now have 57/70 hp.
You barely miss the orc. The orc closely misses you.
The gnoll sergeant hits you from afar with a +0 trident! 😮 HP[-13]
You take 13 damage, and now have 44/70 hp.
Unknown command.
The gnoll shouts!
You sock the orc!
You kill the orc!
Trog accepts your kill.
The gnoll sergeant hits you from afar with a +0 trident. 😮 HP[-2]
You take 2 damage, and now have 42/70 hp.
The gnoll sergeant completely misses you.
The gnoll closely misses you.
Items here: )) [[ †.
Unknown command.
You hit the gnoll sergeant.
The gnoll sergeant hits you with a +0 trident.
The gnoll hits you from afar with a +0 spear.
* * * LOW HITPOINT WARNING * * *
😨 HP[-7]
You take 7 damage, and now have 35/70 hp.
You hit the gnoll sergeant. The gnoll sergeant barely misses you.
The gnoll closely misses you.
You hit the gnoll sergeant.
The gnoll sergeant hits you with a +0 trident!
* * * LOW HITPOINT WARNING * * *
The gnoll hits you but does no damage. 😨 HP[-8]
You take 8 damage, and now have 27/70 hp.
Your skin crawls.
You feel strong-willed.
The gnoll sergeant hits you with a +0 trident!
* * * LOW HITPOINT WARNING * * *
The gnoll misses you. 😱 HP[-11]
You take 11 damage, and now have 16/70 hp.
A red film seems to cover your vision as you go berserk!
You feel yourself moving faster!
You feel mighty!
The gnoll sergeant hits you with a +0 trident!
* * * LOW HITPOINT WARNING * * *
The gnoll closely misses you. 😱 HP[-2]
You now have 105 max hp (+35).
You barely miss the gnoll sergeant.
The gnoll sergeant hits you with a +0 trident!
* * * LOW HITPOINT WARNING * * *
The gnoll closely misses you. 😱 HP[-7]
You take 7 damage, and now have 7/105 hp.
You sock the gnoll sergeant! The gnoll sergeant blocks your attack.
The gnoll sergeant hits you with a +0 trident!
You die...

Skill      XL: |  1  2  3  4  5  6  7 |
---------------+----------------------+-----
Maces & Flails | 3 4 5 6 |  6.5
Throwing       | 2 3 4 |  4.1
Fighting       | |  4.0
Dodging        | |  2.6

Action                     |  1- 3 |  4- 6 |  7- 9 || total
---------------------------+-------+-------+-------++-------
  Melee: Mace              |   112 |       |       ||   112
         Punch             |     2 |       |     2 ||     4
         Club              |       |   136 |    78 ||   214
 Invoke: Berserk           |     1 |       |     1 ||     2
         Trog's Hand       |       |     1 |     3 ||     4
    Use: Scroll            |       |     8 |     4 ||    12
         Potion            |       |       |     5 ||     5
 Armour: Animal skin       |    40 |    40 |    41 ||   121
  Dodge: Dodged            |   103 |    66 |    80 ||   249

Levels and vault maps discovered:
D:1:      amcnicky_arrival_abandoned_market, layout_rooms, minmay_box_of_dots
D:2:      layout_loops_ring, uniq_jessica
D:3:      layout_loops_corners, mainiacjoe_overflow_six_doors_small,
          ebering_ecumenical_altar_hall, uniq_crazy_yiuf_cottage, uniq_terence
D:4:      layout_rooms, mainiacjoe_overflow_large_starburst, uniq_robin
D:5:      nicolae_cairo_tiling_large_dashed, layout_rooms,
          mainiacjoe_overflow_tiny_flanked, mainiacjoe_overflow_small_starburst,
          gammafunk_ghost_grave, patterned_corridor

Notes
Turn   | Place    | Note
-------+----------+-------------------------------------------
     0 | D:1      | ytrimaz the Ogre Berserker began the quest for the Orb.
     0 | D:1      | Reached XP level 1. HP: 24/24 MP: 1/1
     0 | D:1      | magus.rc [v1.9.6]
    63 | D:1      | Reached skill level 3 in Maces & Flails
    66 | D:1      | Reached XP level 2. HP: 25/32 MP: 2/2
   302 | D:1      | Reached XP level 3. HP: 38/39 MP: 3/3
   709 | D:1      | Reached ** piety under Trog
   849 | D:2      | Reached skill level 4 in Maces & Flails
   996 | D:2      | Noticed Jessica
  1022 | D:2      | Killed Jessica
  1023 | D:2      | Reached XP level 4. HP: 37/48 MP: 4/4
  1783 | D:3      | Noticed Terence
  1792 | D:3      | Killed Terence
  1889 | D:3      | Found a sacrificial altar of Ru.
  1973 | D:3      | Reached skill level 5 in Maces & Flails
  2102 | D:3      | Reached XP level 5. HP: 53/54 MP: 5/5
  2182 | D:3      | Reached skill level 1 in Throwing
  2524 | D:3      | Found a faded altar of an unknown god.
  2689 | D:3      | Found a runed translucent door.
  2690 | D:3      | Noticed Crazy Yiuf
  2842 | D:4      | Reached skill level 2 in Throwing
  2958 | D:4      | Reached XP level 6. HP: 58/62 MP: 6/6
  3102 | D:4      | Reached *** piety under Trog
  3103 | D:4      | Reached skill level 3 in Throwing
  3162 | D:4      | Noticed Robin
  3178 | D:4      | Reached skill level 6 in Maces & Flails
  3210 | D:4      | Killed Robin
  3211 | D:4      | Reached XP level 7. HP: 40/70 MP: 7/7
  3441 | D:4      | Found a stormy altar of Qazlal.
  3441 | D:4      | Found a snail-covered altar of Cheibriados.
  3700 | D:5      | Entered Level 5 of the Dungeon
  3723 | D:5      | Found a hazy altar of Hepliaklqana.
  3754 | D:5      | HP: 17/70 [gnoll/+0 halberd[a gnoll sergeant] (10)]
  3759 | D:5      | HP: 16/70 [hound (1)]
  3770 | D:5      | HP: 13/70 [orc/+0 flail (7)]
  4028 | D:5      | Reached skill level 4 in Throwing
  4061 | D:5      | HP: 16/70 [gnoll sergeant/+0 trident (12)]
  4063 | D:5      | HP: 7/105 [gnoll sergeant/+0 trident (8)]
  4065 | D:5      | Slain by a gnoll sergeant

Vanquished Creatures
  A phantom (D:4)
  2 scorpions
  2 orc priests
  An iguana (D:4)
  Jessica (D:2)
  3 orc wizards
  Terence (D:3)
  Robin (D:4)
  4 adders
  6 gnolls
  An ufetubus (D:5)
  2 worms
  2 dart slugs (D:1)
  9 orcs
  9 ball pythons
  5 bats
  4 endoplasms
  3 giant cockroaches
  11 goblins
  7 hobgoblins
  10 jackals
  5 quokkas
  4 frilled lizards
  4 kobolds
  2 rats
100 creatures vanquished.

Table legend:
 A = Non-vault XP
 B = Vault XP
 C = Vault XP percentage of total XP
 D = Non-vault monster count
 E = Vault monster count
 F = Vault count percentage of total count
                 A         B        C        D         E       F
            +---------+---------+-------+---------+---------+-------
      Total |     778 |     101 |  11.5 |      88 |      12 |  12.0
            +---------+---------+-------+---------+---------+-------
        D:1 |      42 |       4 |   8.7 |      22 |       2 |   8.3
        D:2 |      29 |      37 |  56.1 |      14 |       1 |   6.7
        D:3 |      82 |      32 |  28.1 |      17 |       1 |   5.6
        D:4 |     424 |      28 |   6.2 |      25 |       8 |  24.2
        D:5 |     201 |       0 |   0.0 |      10 |       0 |   0.0
            +---------+---------+-------+---------+---------+-------

Skill      XL: |  1  2  3  4  5  6  7 |
---------------+----------------------+-----
Maces & Flails | 3 4 5 6 |  6.5
Throwing       | 2 3 4 |  4.1
Fighting       | |  4.0
Dodging        | |  2.6

Action                     |  1- 3 |  4- 6 |  7- 9 || total
---------------------------+-------+-------+-------++-------
  Melee: Mace              |   112 |       |       ||   112
         Punch             |     2 |       |     2 ||     4
         Club              |       |   136 |    78 ||   214
 Invoke: Berserk           |     1 |       |     1 ||     2
         Trog's Hand       |       |     1 |     3 ||     4
    Use: Scroll            |       |     8 |     4 ||    12
         Potion            |       |       |     5 ||     5
 Armour: Animal skin       |    40 |    40 |    41 ||   121
  Dodge: Dodged            |   103 |    66 |    80 ||   249

Illustrated notes

Table legend:
 A = Kills in this place as a percentage of kills in the entire game.
 B = Kills by you in this place as a percentage of kills by you in the entire game.
 C = Kills by friends in this place as a percentage of kills by friends in the entire game.
 D = Other kills in this place as a percentage of other kills in the entire game.
 E = Experience gained in this place as a percentage of experience gained in the entire game.
 F = Experience gained in this place divided by the number of levels of this place that you have seen.
                   A       B       C       D       E      F
               +-------+-------+-------+-------+-------+----------------------
         Total | 100.0 | 100.0 |   N/A |   N/A | 100.0 | 175.8
       Dungeon | 100.0 | 100.0 |   N/A |   N/A | 100.0 | 175.8
               +-------+-------+-------+-------+-------+----------------------

Table legend: (Time is in decaauts)
 A = Elapsed time spent in this place.
 B = Non-inter-level travel time spent in this place.
 C = Inter-level travel time spent in this place.
 D = Time resting spent in this place.
 E = Time spent auto-exploring this place.
 F = Levels seen in this place.
 G = Mean time per level.
                   A        B        C        D        E       F      G
               +--------+--------+--------+--------+--------+-----+--------+
         Total |   4100 |   4008 |     92 |     90 |   3185 |   5 |  820.0 |
       Dungeon |   4100 |   4008 |     92 |     90 |   3185 |   5 |  820.0 |
               +--------+--------+--------+--------+--------+-----+--------+

Top non-repeatable levels by time:
     D:3: 1135 daAuts
     D:4: 974 daAuts
     D:2: 819 daAuts
     D:1: 808 daAuts
     D:5: 362 daAuts
